 Dungeon Crawl Stone Soup version 0.19.0-2-gae57169 (webtiles) character file.

42 Patchouli the Charmwright (level 3, 2/24 HPs)
             Began as a High Elf Skald on Nov 6, 2016.
             Was an Initiate of Okawaru.
             Quit the game on level 5 of the Dungeon.
             The game lasted 00:03:33 (473 turns).

Patchouli the Charmwright (High Elf Skald)           Turns: 473, Time: 00:03:34

Health: 2/24       AC:  4    Str: 12    XL:     3   Next: 33%
Magic:  6/7        EV: 12    Int: 16    God:    Okawaru [......]
Gold:   13         SH:  0    Dex: 14    Spells: 3 memorised, 1 level left

rFire  . . .     SeeInvis .     a - +0 falchion
rCold  . . .     Gourm    .     b - +1 leather armour
rNeg   . . .     Faith    .     (no shield)
rPois  .         Spirit   .     (no helmet)
rElec  .         Reflect  .     (no cloak)
rCorr  .         Harm     .     (no gloves)
MR     .....                    (no boots)
Stlth  +.........               (no amulet)
                                (no ring)
                                (no ring)

@: lethally poisoned (2 -> -3), flying, very slightly contaminated, hasted, very
quick
A: no striking features
a: Renounce Religion


You were on level 5 of the Dungeon.
You worshipped Okawaru.
Okawaru was noncommittal.
You were not hungry.

You visited 2 branches of the dungeon, and saw 6 of its levels.

You collected 13 gold pieces.

Inventory:

Hand Weapons
 a - a +0 falchion (weapon)
Missiles
 i - 8 needles of paralysis
Armour
 b - a +1 leather armour (worn)
 h - a +0 ring mail
Books
 c - a book of Battle

   Spells                             Type                      Level
   a - Infusion                       Charms                       1
   b - Shroud of Golubria             Charms/Translocation         2
   c - Song of Slaying                Charms                       2
   d - Spectral Weapon                Hexes/Charms                 3
   e - Regeneration                   Charms/Necromancy            3
Comestibles
 d - a bread ration
 l - a royal jelly
 m - 3 chunks of flesh


   Skills:
 + Level 2.2 Fighting
 + Level 2.7 Long Blades
 * Level 1.6 Armour
 + Level 1.9 Dodging
 + Level 2.5 Spellcasting
 + Level 4.0 Charms


You had one spell level left.
You knew the following spells:

 Your Spells              Type           Power        Failure   Level  Hunger
a - Infusion              Chrm           ##..         6%          1    #......
b - Shroud of Golubria    Chrm/Tloc      #.........   17%         2    ##.....
c - Spectral Weapon       Hex/Chrm       #.......     34%         3    ###....


Dungeon Overview and Level Annotations

Branches:
Dungeon (5/15)             Temple (1/1) D:4

Altars:
Ashenzari
Okawaru
Vehumet

Annotations:
D:4 Menkaure


Message History

The hound bites you but does no damage.
You feel sick. Menkaure barely misses you.
You feel sick.
Menkaure mumbles some strange words.
There is a stone staircase leading down here.
You feel sick.
Menkaure calls on the powers of darkness!
The worker ant convulses!
The hound convulses!
Your body is wracked with pain!
The hound bites you.
* * * LOW HITPOINT WARNING * * *
You fly downwards.
There is a stone staircase leading up here.
Okay, then.
The hound bites you but does no damage.
* * * LOW HITPOINT WARNING * * *
You feel sick.
You aren't carrying any potions.
Okay, then.
Are you sure you want to abandon this character and quit the game? (Confirm with "yes".)

#..## .... #.
#... #.# ..(#
#.# #..# #. #.#
#..# ... #.#
#..#
#.####.######@.#
#......#.<..h..#
##.............#
#......#######.#
.#......## #.#
.........# #.#
##.#####.# #.# #
#.######.#
#........#


You could see a hound.

Vanquished Creatures
  A hound (D:4)
  An orc (D:3)
  3 goblins (D:2)
  A kobold (D:1)
  2 bats
  A rat (D:3)
9 creatures vanquished.

Vanquished Creatures (others)
  A spectral weapon (D:4)
1 creature vanquished.

Grand Total: 10 creatures vanquished

Notes
Turn   | Place    | Note
-------+----------+-------------------------------------------
     0 | D:1      | Patchouli the High Elf Skald began the quest for the Orb.
     0 | D:1      | Reached XP level 1. HP: 14/14 MP: 4/4
     9 | D:1      | Reached skill level 1 in Armour
   136 | D:3      | Reached XP level 2. HP: 19/19 MP: 3/6
   207 | D:3      | Learned a level 2 spell: Shroud of Golubria
   219 | D:3      | Found a shattered altar of Ashenzari.
   219 | D:3      | Found an iron altar of Okawaru.
   223 | D:3      | Became a worshipper of Warmaster Okawaru
   269 | D:4      | Reached skill level 4 in Charms
   269 | D:4      | Reached XP level 3. HP: 18/24 MP: 0/7
   365 | D:4      | Found a staircase to the Ecumenical Temple.
   369 | D:5      | Entered Level 5 of the Dungeon
   411 | D:4      | Learned a level 3 spell: Spectral Weapon
   416 | D:4      | Noticed Menkaure
   426 | Temple   | Entered the Ecumenical Temple
   473 | D:5      | Quit the game

Skill      XL: |  1  2 |
---------------+-------+-----
Armour         | 1 |  1.6
Charms         | 4 |  4.0
Fighting       | |  2.2
Long Blades    | |  2.7
Dodging        | |  1.9
Spellcasting   | |  2.5

Action                   || total
-------------------------++-------
Melee: Falchion          ||    21
 Cast: Infusion          ||     5
       Shroud of Golubri ||     1
       Spectral Weapon   ||     1
  Use: Scroll            ||     4
       Potion            ||     3
 Stab: Sleeping          ||     1
Armor: Leather armour    ||     8
Dodge: Dodged            ||    22
       Rpst.: Falchion   ||     6
